 Dungeon Crawl Stone Soup version 0.30-a0-618-gd6c86c23d0 (webtiles) character file.

Game seed: 7383018727936614385

175 wormed the Sneak (level 5, 0/32 HPs)
             Began as a Kobold Brigand on Jan 9, 2023.
             Slain by a black bear (5 damage)
             ... on level 4 of the Dungeon.
             The game lasted 00:03:24 (2939 turns).

wormed the Sneak (Kobold Brigand)                   Turns: 2939, Time: 00:03:25

Health: 0/32       AC:  2    Str:  8    XL:     5   Next: 86%
Magic:  5/5        EV: 15    Int: 12    God:
Gold:   134        SH:  0    Dex: 19    Spells: 4/4 levels left

rFire   . . .      SeeInvis .    a - +2 dagger
rCold   . . .      Faith    .    (no shield)
rNeg    . . .      Spirit   .    b - +0 robe
rPois   .          Reflect  .    (no helmet)
rElec   .          Harm     .    k - scarf {shadows}
rCorr   .          Rampage  .    (no gloves)
Will    .....                    (no boots)
Stlth   +++++                    (no amulet)
HPRegen 0.25/turn                (no ring)
MPRegen 0.09/turn                (no ring)

@: no status effects
A: small, no large weapons, nightstalker 3
a: no special abilities


You were on level 4 of the Dungeon.
You visited 1 branch of the dungeon, and saw 4 of its levels.

You collected 134 gold pieces.

Inventory:

Hand Weapons
 a - a +2 dagger (weapon)
Missiles
 d - 9 poisoned darts (quivered)
Armour
 b - a +0 robe (worn)
 k - a scarf of shadows (worn)
Jewellery
 c - an amulet of magic regeneration
 r - a ring of ice
Wands
 t - a wand of charming (8)
 v - a wand of roots (2)
 y - a wand of digging (5)
 z - a wand of acid (13)
Scrolls
 g - 2 scrolls of immolation {unknown}
 h - a scroll of fear {unknown}
 i - 2 scrolls of teleportation {unknown}
 l - 2 scrolls of poison {unknown}
 o - 2 scrolls of enchant weapon {unknown}
 p - 2 scrolls of magic mapping {unknown}
 u - 2 scrolls of noise {unknown}
 w - a scroll of identify {unknown}
 x - a scroll of amnesia {unknown}
 A - a scroll of vulnerability {unknown}
Potions
 f - 2 potions of heal wounds {unknown}
 j - 3 potions of haste {unknown}
 m - a potion of mutation {unknown}
 n - 3 potions of curing {unknown}
 q - 5 potions of might {unknown}
 s - a potion of degeneration {unknown}
 B - a potion of flight {unknown}


   Skills:
 + Level 3.2 Fighting
 * Level 5.1 Short Blades
 - Level 2.1 Throwing
 + Level 2.9 Dodging
 + Level 6.3 Stealth


You had 4 spell levels left.
You didn't know any spells.
Your spell library contained the following spells:

 Spells                   Type           Power      Damage    Failure   Level
 Kiss of Death            Conj/Necr      0%         2d5       32%         1
 Sting                    Tmut/Pois      0%         1d3       32%         1
 Inner Flame              Hex/Fire       0%         N/A       69%         3
 Anguish                  Hex/Necr       0%         N/A       97%         4
 Alistair's Intoxication  Tmut/Pois      0%         N/A       100%        5
 Maxwell's Capacitive Co  Air            0%         ∞         100%        8


Dungeon Overview and Level Annotations

Branches:
Dungeon (4/15)
 Temple: D:4-7

Altars:
Xom

Shops:
D:1 *


Innate Abilities, Weirdness & Mutations

You are small and have problems with some larger weapons.
You are completely attuned to the shadows.


Message History

You hit the black bear but do no damage.
The black bear is lightly wounded.
The black bear bites you. The black bear claws you.
The black bear completely misses you.
Throw: 3 darts (curare)
Press: ? - help, Q - select action, (/) - cycle Shift-Dir - straight line, f - black bear
Aim: a black bear (lightly wounded, 70% to hit)
You throw a curare-tipped dart.
The curare-tipped dart hits the black bear.
The black bear is poisoned.
The black bear convulses.
The black bear seems to slow down.
The black bear is moderately wounded.
Found a rapier.
The black bear shakes off its lethargy.
The black bear goes berserk!
Throw: 2 darts (curare)
Press: ? - help, Q - select action, (/) - cycle Shift-Dir - straight line, f/p - black bear
Aim: a black bear (severely wounded, berserk, poisoned, 70% to hit)
You throw a curare-tipped dart.
The curare-tipped dart barely misses the black bear.
The black bear completely misses you.
The black bear claws you but does no damage.
The black bear claws you.
Throw: dart (curare)
Press: ? - help, Q - select action, (/) - cycle Shift-Dir - straight line, f/p - black bear
Aim: a black bear (severely wounded, berserk, poisoned, 70% to hit)
You throw a curare-tipped dart.
The curare-tipped dart barely misses the black bear.
The black bear misses you. The black bear closely misses you. x2
The black bear attacks as you move away!
The black bear completely misses you. The black bear barely misses you.
The black bear claws you. The black bear barely misses you.
The black bear claws you.
* * * LOW HITPOINT WARNING * * *
The black bear closely misses you.
The black bear attacks as you move away!
The black bear barely misses you. The black bear claws you.
* * * LOW HITPOINT WARNING * * *
The black bear claws you but does no damage.
The black bear misses you. The black bear claws you.
You die...

####.......#+##
..##.........## ##
#........###..####...
######'###
#........... .......#
#.###....... .#######
#.# #........ .# #.#
#(....... .# #.#
#.##..... .###. #.#
#@##..... ..... #.#
#h###.... ...## #.#
#.###....) ...#
###.###....(.....
...#
#....######.......#
...# #....# #.......#
... #...[####
#.......# ...
###.....# #.....(.#
.# #####.# #########


You could see a black bear (berserk, poisoned).

Vanquished Creatures
  Crazy Yiuf (D:3)
  Terence (D:3)
  4 adders
  A worm (D:2)
  4 dart slugs
  2 orcs (D:3)
  7 bats
  4 endoplasms
  3 giant cockroaches
  7 goblins
  2 hobgoblins (D:1)
  8 jackals (D:2)
  7 ball pythons
  4 frilled lizards (D:1)
  11 kobolds
  5 rats
71 creatures vanquished.

Vanquished Creatures (others)
  A fungus (D:3)
1 creature vanquished.

Grand Total: 72 creatures vanquished

Notes
Turn   | Place    | Note
-------+----------+-------------------------------------------
     0 | D:1      | wormed the Kobold Brigand began the quest for the Orb.
     0 | D:1      | Reached XP level 1. HP: 12/12 MP: 1/1
    61 | D:1      | Reached XP level 2. HP: 18/18 MP: 2/2
    96 | D:1      | Found Hung's Assorted Antiques.
   912 | D:1      | Reached XP level 3. HP: 22/22 MP: 3/3
  1121 | D:2      | Found a faded altar of an unknown god.
  1314 | D:2      | Got the Grimoire of Ouranomancy and Profane Deeds
  1344 | D:2      | Reached XP level 4. HP: 27/27 MP: 4/4
  1859 | D:3      | Noticed Terence
  1862 | D:3      | Killed Terence
  1863 | D:3      | Reached skill level 6 in Stealth
  1877 | D:3      | Reached XP level 5. HP: 29/32 MP: 5/5
  2207 | D:3      | Got the Folio of the Torch and the Hornet
  2593 | D:3      | Found a runed translucent door.
  2597 | D:3      | Noticed Crazy Yiuf
  2600 | D:3      | Killed Crazy Yiuf
  2601 | D:3      | Reached skill level 5 in Short Blades
  2828 | D:4      | Found a shimmering altar of Xom.
  2922 | D:4      | Noticed a black bear
  2939 | D:4      | Slain by a black bear

Illustrated notes

Levels and vault maps discovered:
D:1:      psy_arrival_terrarium, layout_basic, serial_shops,
          nicolae_shop_statue_plus
D:2:      layout_loops_ring, ebering_ecumenical_altar_hall, minmay_domino_4
D:3:      layout_rooms, minmay_close_crescents, uniq_crazy_yiuf_cottage,
          uniq_terence
D:4:      layout_basic, mainiacjoe_overflow_boulevard,
          minmay_temple_entry_enclosed_plants, kennysheep_generic_room_5

Skill      XL: |  1  2  3  4  5 |
---------------+----------------+-----
Short Blades   | 3 4 5 |  5.1
Dodging        | 2 |  2.9
Stealth        | 6 |  6.3
Fighting       | 3 |  3.2
Throwing       | |  2.1

Action                   |  1- 3 |  4- 6 || total
-------------------------+-------+-------++-------
Melee: Dagger            |    62 |   103 ||   165
       Punch             |       |     1 ||     1
Throw: Dart              |       |     3 ||     3
 Stab: Sleeping          |    22 |    21 ||    43
Armor: Robe              |     7 |     8 ||    15
Dodge: Dodged            |    23 |    72 ||    95

Table legend: (Time is in decaauts)
 A = Elapsed time spent in this place.
 B = Non-inter-level travel time spent in this place.
 C = Inter-level travel time spent in this place.
 D = Time resting spent in this place.
 E = Time spent auto-exploring this place.
 F = Levels seen in this place.
 G = Mean time per level.
                   A        B        C        D        E       F      G
               +--------+--------+--------+--------+--------+-----+--------+
         Total |   2904 |   2833 |     71 |      0 |   2402 |   4 |  726.0 |
       Dungeon |   2904 |   2833 |     71 |      0 |   2402 |   4 |  726.0 |
               +--------+--------+--------+--------+--------+-----+--------+

Top non-repeatable levels by time:
     D:1: 951 daAuts
     D:2: 872 daAuts
     D:3: 800 daAuts
     D:4: 280 daAuts
